 Dungeon Crawl Stone Soup version 0.25-a0-589-g1e14c54 (webtiles) character file.

Game seed: 3556843510846383229, levelgen mode: deterministic

9 Faels the Sneak (level 2, 22/22 HPs)
             Began as a Demonspawn Assassin on Mar 9, 2020.
             Quit the game on level 1 of the Dungeon.
             The game lasted 00:01:08 (334 turns).

Faels the Sneak (Demonspawn Assassin)                Turns: 334, Time: 00:01:09

Health: 22/22      AC:  3    Str: 11    XL:     2   Next: 3%
Magic:  2/2        EV: 11    Int: 12    God:
Gold:   12         SH:  0    Dex: 14    Spells: 1/1 levels left

rFire    . . .     SeeInvis .   a - +2 dagger
rCold    . . .     Gourm    .   (no shield)
rNeg     . . .     Faith    .   b - +0 robe
rPois    .         Spirit   .   (no helmet)
rElec    .         Reflect  .   c - +0 cloak
rCorr    .         Harm     .   (no gloves)
MR       .....                  (no boots)
Stlth    ++........             (no amulet)
HPRegen  0.07/turn              (no ring)
MPRegen  0.08/turn              (no ring)

@: no status effects
A: claws 1
a: no special abilities


You were on level 1 of the Dungeon.
You were not hungry.

You visited 1 branch of the dungeon, and saw 1 of its levels.

You collected 12 gold pieces.

Inventory:

Hand Weapons
 a - a +2 dagger (weapon)
 i - a +0 spear
Missiles
 d - 8 poisoned darts (quivered)
 e - 2 curare-tipped darts
Armour
 b - a +0 robe (worn)
 c - a +0 cloak (worn)
Scrolls
 h - a scroll of identify {unknown}
Potions
 g - a potion of haste {unknown}
Comestibles
 f - 2 rations


   Skills:
 - Level 2.0 Fighting
 - Level 2.4 Short Blades
 - Level 1.7 Throwing
 - Level 0.8 Dodging
 + Level 3.7 Stealth
 * Level 0.0 Unarmed Combat


You had one spell level left.
You didn't know any spells.
Your spell library was empty.

Dungeon Overview and Level Annotations

Branches:
Dungeon (1/15)

Altars:


Innate Abilities, Weirdness & Mutations

You have sharp fingernails.


Message History

You hit the goblin.
The goblin is severely wounded.
The goblin hits you.
You hit the goblin.
You kill the goblin!
You have reached level 2!
You feel monstrous as your demonic heritage exerts itself.
Your demonic ancestry asserts itself...
Your fingernails lengthen.
You start resting.
All of the chunks of flesh in your inventory have rotted away.
HP restored.
You see here a +0 short sword.
There isn't anything to butcher here.
g - a dark potion You see here a +0 short sword.
A giant cockroach comes into view.
You are already wielding that!
A giant cockroach is nearby!
Are you sure you want to abandon this character and quit the game? (Confirm with "yes".)

#.....>.................
#........###############
#........######## ##....
#..##...#...............
#..##............. #....
.....###.........##....
.####......##...........
...........##...........
.......@................
.##.#...................
#.....##.........<....
###...# ........>.....
..... ..............
...... ..............
#.#.... #...........
..#..s.. #...........
......##....


You could see a giant cockroach (sleeping).

Vanquished Creatures
  A dart slug (D:1)
  A bat (D:1)
  A goblin (D:1)
  A hobgoblin (D:1)
  2 kobolds (D:1)
6 creatures vanquished.

Notes
Turn   | Place    | Note
-------+----------+-------------------------------------------
     0 | D:1      | Faels the Demonspawn Assassin began the quest for the Orb.
     0 | D:1      | Reached XP level 1. HP: 16/16 MP: 1/1
    95 | D:1      | Gained mutation: You have sharp fingernails. [demonic
                  | ancestry]
    95 | D:1      | Reached XP level 2. HP: 7/22 MP: 2/2
   334 | D:1      | Quit the game

Levels and vault maps discovered:
D:1:      dpeg_arrival_stonehenge_8_columns, layout_rooms

Skill      XL: |  1 |
---------------+----+-----
Short Blades   | 2 |  2.4
Fighting       | |  2.0
Throwing       | |  1.7
Dodging        | |  0.8
Stealth        | |  3.7

Action                   || total
-------------------------++-------
Melee: Dagger            ||    17
 Stab: Sleeping          ||     2
Armor: Robe              ||     3
Dodge: Dodged            ||    10

Table legend:
 A = Non-vault XP
 B = Vault XP
 C = Vault XP percentage of total XP
 D = Non-vault monster count
 E = Vault monster count
 F = Vault count percentage of total count
                 A         B        C        D         E       F
            +---------+---------+-------+---------+---------+-------
      Total |      13 |       0 |   0.0 |       6 |       0 |   0.0
            +---------+---------+-------+---------+---------+-------
        D:1 |      13 |       0 |   0.0 |       6 |       0 |   0.0
            +---------+---------+-------+---------+---------+-------
